 Dungeon Crawl Stone Soup version 0.19-a0-1210-g5c1aa26 (webtiles) character file.

904 4thArraOfDagon the Ruffian (level 7, 0/66 HPs)
             Began as a Troll Fighter on Aug 22, 2016.
             Was a Follower of Makhleb.
             Killed from afar by Dowan (19 damage)
             ... with a shard of ice
             ... on level 5 of the Dungeon.
             The game lasted 00:03:09 (738 turns).

4thArraOfDagon the Ruffian (Troll Fighter)           Turns: 738, Time: 00:03:09

Health: 0/66       AC:  5    Str: 25    XL:     7   Next: 80%
Magic:  6/6        EV:  9    Int:  6    God:    Makhleb [*.....]
Gold:   82         SH:  9    Dex:  9    Spells: 0 memorised, 6 levels left

rFire  . . .     SeeInvis .       - Unarmed
rCold  . . .     Gourm    +     a - +0 robe
rNeg   . . .     Faith    .     b - +0 shield
rPois  .         Spirit   .     (helmet restricted)
rElec  .         Dismiss  .     (no cloak)
rCorr  .         Reflect  .     (gloves unavailable)
MR     .....     Harm     .     (boots unavailable)
Stlth  +.........               (no amulet)
                                (no ring)
                                (no ring)

@: no status effects
A: unfitting armour, claws 3, fast metabolism 3, gourmand, regeneration 1,
shaggy fur 1, tough skin 2
a: Renounce Religion


You were on level 5 of the Dungeon.
You worshipped Makhleb.
Makhleb was aware of your devotion.
You were not hungry.

You visited 1 branch of the dungeon, and saw 5 of its levels.
You also visited: Ossuary.

You collected 82 gold pieces.

Inventory:

Armour
 a - a +0 robe (worn)
 b - a +0 shield (worn)
Scrolls
 f - 2 scrolls of blinking {unknown}
 h - a scroll of fog {unknown}
 j - a scroll of identify {unknown}
 k - 2 scrolls of amnesia {unknown}
 l - 2 scrolls of enchant armour {unknown}
 m - 3 scrolls of teleportation {unknown}
 o - 3 scrolls of vulnerability {unknown}
 p - a scroll of recharging {unknown}
 r - 2 scrolls of remove curse {unknown}
 t - a scroll of enchant weapon {unknown}
Potions
 c - 3 potions of might
 e - a potion of curing
 g - a potion of heal wounds
 n - 2 potions of degeneration {unknown}
 q - 2 potions of cure mutation {unknown}
 s - a potion of berserk rage {unknown}
 u - 2 potions of lignification {unknown}
Comestibles
 d - 3 bread rations
 i - a meat ration


   Skills:
 - Level 2.4 Fighting
 - Level 2.4 Dodging
 + Level 4.8 Shields
 * Level 7.7 Unarmed Combat


You had 6 spell levels left.
You didn't know any spells.

Dungeon Overview and Level Annotations

Branches:
Dungeon (5/15)
 Temple: D:4-7

Altars:
Dithmenos
Elyvilon
Fedhas
Makhleb
Uskayaw

Annotations:
D:5 Dowan, Eustachio


Innate Abilities, Weirdness & Mutations

You are too large for most types of armour.
You have claws for hands.
Your metabolism is lightning-fast.
You like to eat raw meat.
Your natural rate of healing is unusually fast.
You are covered in fur. (AC +1)
You have very tough skin. (AC +2)


Message History

Dowan hits you with a dagger of protection.
Unknown command.
You scratch Dowan.
Dowan is lightly wounded.
Dowan points at you and mumbles some strange words.
The shard of ice hits you!
Unknown command.
You miss Dowan.
Dowan is lightly wounded.
Dowan barely misses you.
You miss Dowan.
Dowan is lightly wounded.
Dowan hits you with a dagger of protection!
* * * LOW HITPOINT WARNING * * *
Dowan completely misses you.
Eustachio mumbles some strange words.
Unknown command.
Dowan points at you and mumbles some strange words.
The shard of ice hits you!
You die...

#........# ##.e##.#
#........# #..###.###
#####....# #.##..@...
####.## ###.#.r.....
#..# #..r..o..... ##.#
###.##....J...
#####.###.r.##........
#......e@.####.....)..
#.###@##### #........
#....# ##.......
####..# ##..$..# ....
..#### ... .. .


You could see Eustachio, Dowan and a river rat.

Vanquished Creatures
  Grinder (D:5)
  Duvessa (D:5)
  6 scorpions (Ossuary)
  4 centaur zombies (Ossuary)
  A human zombie (Ossuary)
  A giant frog skeleton (D:4)
  3 big kobold zombies (Ossuary)
  3 mummies (Ossuary)
  3 scorpion zombies (Ossuary)
  An adder (D:2)
  An ooze (D:5)
  An orc (D:5)
  A giant cockroach (D:4)
  A goblin (D:3)
  4 jackals (D:2)
  A quokka (D:5)
  A giant newt (D:4)
  A gnoll zombie (Ossuary)
  2 goblin zombies (Ossuary)
  2 hobgoblin zombies (Ossuary)
  A kobold zombie (Ossuary)
  2 orc zombies (Ossuary)
  A rat (D:2)
43 creatures vanquished.

Vanquished Creatures (others)
  A hobgoblin zombie (Ossuary)
1 creature vanquished.

Grand Total: 44 creatures vanquished

Notes
Turn   | Place    | Note
-------+----------+-------------------------------------------
     0 | D:1      | 4thArraOfDagon the Troll Fighter began the quest for the Orb.
     0 | D:1      | Reached XP level 1. HP: 22/22 MP: 0/0
    34 | D:2      | Reached XP level 2. HP: 27/29 MP: 1/1
   109 | D:2      | You fall through a shaft for 2 floors!
   117 | D:4      | Reached skill level 3 in Unarmed Combat
   117 | D:4      | Reached XP level 3. HP: 30/36 MP: 2/2
   123 | D:4      | Found a hide-covered altar of Uskayaw.
   127 | D:4      | Found a blossoming altar of Fedhas.
   127 | D:4      | Found a burning altar of Makhleb.
   127 | D:4      | Found a shadowy altar of Dithmenos.
   137 | D:4      | Became a worshipper of Makhleb the Destroyer
   236 | D:5      | Entered Level 5 of the Dungeon
   243 | D:5      | Found a sand-covered staircase.
   253 | Ossuary  | Entered an ossuary
   286 | Ossuary  | Reached XP level 4. HP: 26/44 MP: 3/3
   300 | Ossuary  | Reached skill level 4 in Unarmed Combat
   364 | Ossuary  | Reached XP level 5. HP: 33/50 MP: 4/4
   377 | Ossuary  | Reached skill level 5 in Unarmed Combat
   395 | Ossuary  | Reached XP level 6. HP: 31/59 MP: 5/5
   443 | Ossuary  | Reached * piety under Makhleb
   477 | Ossuary  | Reached skill level 6 in Unarmed Combat
   506 | Ossuary  | Reached XP level 7. HP: 65/66 MP: 6/6
   657 | D:5      | Found a white marble altar of Elyvilon.
   657 | D:5      | Noticed Grinder
   663 | D:5      | Paralysed by Grinder for 3 turns
   669 | D:5      | Killed Grinder
   669 | D:5      | Reached skill level 7 in Unarmed Combat
   694 | D:5      | Noticed Duvessa
   694 | D:5      | Noticed Dowan
   700 | D:5      | Noticed Eustachio
   724 | D:5      | Killed Duvessa
   738 | D:5      | Killed from afar by Dowan

Vault maps used:
D:1:      lemuel_arrival_river_ford, minmay_split_cup_large
D:2:      minmay_surrounded
D:3:      minmay_strange_pillars, serial_park_tiny_2
D:4:      grunt_temple_overflow_open, first_bread, fedhas_altar_2
D:5:      elyvilon_altar_5, lightli_ossuary_entry_decrepit_ruins, uniq_duvessa,
          uniq_grinder, uniq_eustachio
Ossuary:  ossuary_minmay_scorpions

Skill      XL: |  1  2  3  4  5  6  7 |
---------------+----------------------+-----
Unarmed Combat | 3 4 5 6 7 |  7.7
Shields        | 3 4 |  4.8
Fighting       | |  2.4
Dodging        | |  2.4

Action                   |  1- 3 |  4- 6 |  7- 9 || total
-------------------------+-------+-------+-------++-------
Melee: Unarmed           |    33 |   100 |    39 ||   172
  Use: Potion            |       |       |     2 ||     2
  Eat: Chunk             |     6 |       |       ||     6
Armor: Robe              |     4 |     6 |     3 ||    13
Dodge: Dodged            |     9 |    16 |     8 ||    33
Block: Shield            |    13 |    22 |    10 ||    45
